 Dungeon Crawl Stone Soup version 0.19-a0-162-gb23b67e (webtiles) character file.

114 GlassEater the Skirmisher (level 4, 0/41 HPs)
             Began as a Hill Orc Fighter on May 22, 2016.
             Succumbed to Robin's poison
             ... on level 2 of the Dungeon.
             The game lasted 00:03:35 (1639 turns).

GlassEater the Skirmisher (Hill Orc Fighter)        Turns: 1639, Time: 00:03:36

Health: 0/41       AC:  9    Str: 19    XL:     4   Next: 97%
Magic:  4/4        EV:  7    Int:  8    God:
Gold:   89         SH:  9    Dex: 10    Spells: 0 memorised, 3 levels left

rFire  . . .     SeeInvis .     a - +0 war axe
rCold  . . .     Gourm    .     b - +0 scale mail
rNeg   . . .     Faith    .     c - +0 shield
rPois  .         Spirit   .     (no helmet)
rElec  .         Dismiss  .     m - +0 cloak (curse)
rCorr  .         Reflect  .     s - +0 pair of gloves
SustAt .         Harm     .     (no boots)
MR     .....                    (no amulet)
Stlth  ..........               (no ring)
                                (no ring)

@: lethally poisoned (0 -> -13), not resistant to hostile enchantments,
extremely unstealthy
A: no striking features
a: no special abilities


You were on level 2 of the Dungeon.
You were not hungry.

You visited 1 branch of the dungeon, and saw 3 of its levels.

You collected 89 gold pieces.

Inventory:

Hand Weapons
 a - a +0 war axe (weapon)
Armour
 b - a +0 scale mail (worn)
 c - a +0 shield (worn)
 m - a cursed +0 cloak (worn)
 s - a +0 pair of gloves (worn)
Jewellery
 j - an uncursed ring of protection from cold {unknown}
Scrolls
 g - 4 scrolls of identify {unknown}
 i - 2 scrolls of fear {unknown}
 l - 2 scrolls of amnesia {unknown}
 o - a scroll of blinking {unknown}
 r - a scroll of random uselessness {unknown}
 t - a scroll of noise {unknown}
 u - a scroll of enchant armour {unknown}
Potions
 d - 2 potions of might
 e - a potion of flight {unknown}
 k - 2 potions of beneficial mutation {unknown}
 n - a potion of curing {unknown}
 q - a potion of agility {unknown}
Comestibles
 f - 3 bread rations
 h - 4 chunks of flesh
 p - 2 meat rations


   Skills:
 + Level 4.5 Fighting
 + Level 3.4 Axes
 + Level 3.9 Armour
 + Level 1.3 Dodging
 + Level 4.1 Shields


You had 3 spell levels left.
You didn't know any spells.

Dungeon Overview and Level Annotations

Branches:
Dungeon (3/15)

Altars:
The Shining One


Message History

You kill Robin!
You slash the goblin!
You kill the goblin!
You hit the hobgoblin.
The hobgoblin is lightly wounded.
* * * LOW HITPOINT WARNING * * *
You feel sick. You block the hobgoblin's attack.
The goblin shoots a stone.
The stone hits you but does no damage.
You slash the hobgoblin!
You kill the hobgoblin!
* * * LOW HITPOINT WARNING * * *
You feel sick.
Unknown command.
You slash the goblin!
You kill the goblin!
* * * LOW HITPOINT WARNING * * *
You feel sick.
The goblin shoots a stone.
The stone hits you but does no damage.
Unknown command.
You die...

.. ### # #. #.# ## ##.##
#.#.# #.##.## #.#.#### #.#.#.
#.#...## .......# ...
#.##......## ...##..# #.#
#......[..# .#.#.#.# #
#..#.##......# ....##.#
#.#..#.#)###.....# .#.###.#
#.....g@()......## .#.# #<#
##...#########..###### .#.#
#.# #.. #........ .#.# #.# #.
#.####### .... ..# #.. ##'##
##.# ### #.. ##...## ##.# #.#
##.....## ##.# #..#
##.......#
.#.#########...####.......).#


You could see a goblin.

Vanquished Creatures
  Robin (D:2)
  4 adders
  A worm (D:3)
  5 giant geckos
  An orc (D:3)
  A giant cockroach (D:3)
  12 goblins
  6 hobgoblins
  A ball python (D:1)
  3 bats (D:1)
  7 giant newts
  11 kobolds
  9 rats
62 creatures vanquished.

Notes
Turn   | Place    | Note
--------------------------------------------------------------
     0 | D:1      | GlassEater the Hill Orc Fighter began the quest for the Orb.
     0 | D:1      | Reached XP level 1. HP: 19/19 MP: 1/1
   179 | D:1      | Reached XP level 2. HP: 26/27 MP: 2/2
   642 | D:1      | Reached XP level 3. HP: 30/33 MP: 3/3
  1120 | D:2      | You fall through a shaft!
  1160 | D:3      | Reached XP level 4. HP: 38/40 MP: 4/4
  1259 | D:3      | Found a glowing golden altar of the Shining One.
  1590 | D:2      | Reached skill level 1 in Dodging
  1620 | D:2      | Noticed Robin
  1636 | D:2      | Killed Robin
  1638 | D:2      | HP: 1/41 [poisoned by Robin]
  1639 | D:2      | Succumbed to Robin's poison

Vault maps used:
D:1:      lemuel_arrival_river_ford
D:2:      first_bread, feat_on_display, uniq_robin
D:3:      lemuel_doored_altar

Skill      XL: |  1  2  3  4 |
---------------+-------------+-----
Fighting       | 4 |  4.5
Axes           | 3 |  3.4
Dodging        | 1 |  1.3
Shields        | 4 |  4.1
Armour         | |  3.9

Action                   |  1- 3 |  4- 6 || total
-------------------------+-------+-------++-------
Melee: War axe           |   137 |    59 ||   196
  Eat: Chunk             |     1 |     2 ||     3
Armor: Scale mail        |    57 |    28 ||    85
Dodge: Dodged            |    39 |    20 ||    59
Block: Shield            |    73 |    22 ||    95
